[Event "Titled Tuesday Blitz April 18 Early 2023"]
[White "Puranik, Abhimanyu"]
[Black "Hajiyev, Kanan"]
[WhiteFideId "5061245"]
[BlackFideId "13404148"]
[WhiteElo "2477"]
[BlackElo "2103"]
[Result "1-0"]
[Round "01"]
[TimeControl "180+2"]
[Date "2023.04.18"]
[WhiteClock "0:01:26"]
[BlackClock "0:00:03"]

1. Nf3 Nf6 2. g3 g6 3. b3 Bg7 4. Bb2 O-O 5. c4 c6 6. Bg2 d5 7. O-O Bg4 8. h3 Bxf3 9. Bxf3 Nbd7 10. d4 e6 11. Nc3 Qe7 12. e3 Rfe8 13. Kg2 h5 14. Rc1 Rac8 15. a3 Nh7 16. cxd5 exd5 17. b4 a6 18. h4 b5 19. Ne2 Nb6 20. Nf4 Nc4 21. Bc3 Nf6 22. Nd3 Ra8 23. Nc5 Nd7 24. Re1 Nxc5 25. bxc5 Nxa3 26. e4 dxe4 27. Bxe4 Qd7 28. Qf3 Re6 29. d5 cxd5 30. Bxd5 Rxe1 31. Bxe1 Rd8 32. c6 Qc7 33. Ba5 Qxa5 34. Qxf7+ Kh7 35. Be4 Nc4 36. c7 Rc8 37. Qxg6+ Kg8 38. Bd5+ 1-0


[Site "https://www.chess.com"]

[Event "Titled Tuesday Blitz April 18 Early 2023"]
[White "Koutlas, Nikolaos"]
[Black "Shimanov, Aleksandr"]
[WhiteFideId "25827138"]
[BlackFideId "4198603"]
[WhiteElo "2215"]
[BlackElo "2631"]
[Result "0-1"]
[Round "01"]
[TimeControl "180+2"]
[Date "2023.04.18"]
[WhiteClock "0:01:12"]
[BlackClock "0:00:55"]

1. c4 g6 2. Nc3 Bg7 3. e4 e5 4. g3 Nc6 5. d3 h5 6. h3 h4 7. g4 d6 8. Bg2 Be6 9. f4 exf4 10. Bxf4 Be5 11. Be3 Bg3+ 12. Kd2 Be5 13. Nge2 Bg7 14. Rf1 Ne5 15. b3 c5 16. Kc2 Ne7 17. d4 cxd4 18. Nxd4 a6 19. Nd5 Nxd5 20. exd5 Bd7 21. a4 Rc8 22. a5 O-O 23. Rf2 Re8 24. Re2 Nxc4 25. bxc4 Rxc4+ 26. Kb3 Qc7 27. Qd3 Rc8 28. Rc2 Rxc2 29. Qxc2 Qxc2+ 30. Nxc2 Rc3+ 31. Kb4 Rxc2 32. Be4 Re2 33. Ra3 Be5 34. Rb3 Bb5 35. Ka3 Kg7 36. Bb1 Rh2 37. Bg5 Bg3 38. Bd3 Bxd3 39. Rxd3 Rxh3 40. Bxh4 Rxh4 41. Rxg3 Rh1 42. Kb2 Rd1 43. Rb3 Rxd5 44. Rxb7 Rxa5 45. Kc3 Ra4 46. g5 Ra5 0-1


[Site "https://www.chess.com"]

[Event "Titled Tuesday Blitz April 18 Early 2023"]
[White "Sjugirov, Sanan"]
[Black "Lorenzo De La Riva, Lazaro"]
[WhiteFideId "4189302"]
[BlackFideId "2268809"]
[WhiteElo "2569"]
[BlackElo "2294"]
[Result "1-0"]
[Round "01"]
[TimeControl "180+2"]
[Date "2023.04.18"]
[WhiteClock "0:01:28"]
[BlackClock "0:00:12"]

1. e4 c5 2. Nf3 Nc6 3. Bb5 e6 4. Bxc6 bxc6 5. d3 Ne7 6. Nbd2 Ng6 7. h4 h5 8. e5 f6 9. exf6 gxf6 10. Ne4 d5 11. Ng3 Bd6 12. c4 Qc7 13. Nf1 e5 14. Ne3 d4 15. Nf1 Bg4 16. Ng3 O-O-O 17. Qa4 f5 18. Bd2 e4 19. Ba5 Qe7 20. Qxc6+ Kb8 21. dxe4 fxe4 22. Ng5 e3 23. O-O exf2+ 24. Rxf2 Bxg3 25. Rf7 Rd6 26. Qb5+ Rb6 27. Bxb6 Qe8 28. Bxa7+ Ka8 29. Qb7# 1-0


[Site "https://www.chess.com"]

[Event "Titled Tuesday Blitz April 18 Early 2023"]
[White "Principe, Alexander"]
[Black "Deac, Bogdan-Daniel"]
[WhiteFideId "3804542"]
[BlackFideId "1226380"]
[WhiteElo "2203"]
[BlackElo "2649"]
[Result "0-1"]
[Round "01"]
[TimeControl "180+2"]
[Date "2023.04.18"]
[WhiteClock "0:00:10"]
[BlackClock "0:00:14"]

1. e4 Nf6 2. e5 Nd5 3. d4 d6 4. exd6 cxd6 5. c3 g6 6. Bd3 Bg7 7. Ne2 O-O 8. O-O Nc6 9. Na3 a6 10. Nf4 Nf6 11. Re1 e5 12. dxe5 dxe5 13. Ne2 Qc7 14. Bg5 Rd8 15. Bxf6 Bxf6 16. Qc2 b5 17. Rad1 Be6 18. Ng3 Be7 19. Be4 Rxd1 20. Qxd1 Bxa3 21. bxa3 Rd8 22. Qc2 Na5 23. Bd3 f5 24. h4 e4 25. Bf1 Qf4 26. h5 Rd2 27. Ne2 Qxf2+ 28. Kxf2 Rxc2 29. Ke3 Rxa2 30. Nf4 Kf7 31. hxg6+ hxg6 32. g4 Rxa3 33. Kd4 Nc6+ 34. Kc5 Rxc3+ 35. Kd6 Nd4 36. gxf5 gxf5 37. Bg2 b4 38. Rh1 Nb5+ 39. Ke5 Rc5+ 40. Nd5 Rxd5+ 41. Kf4 b3 42. Rh7+ Kf6 43. Rh6+ Ke7 0-1


[Site "https://www.chess.com"]

[Event "Titled Tuesday Blitz April 18 Early 2023"]
[White "Ibarra Jerez, Jose Carlos"]
[Black "Namitbir Singh Walia"]
[WhiteFideId "2226332"]
[BlackFideId "35071068"]
[WhiteElo "2638"]
[BlackElo "2239"]
[Result "1-0"]
[Round "01"]
[TimeControl "180+2"]
[Date "2023.04.18"]
[WhiteClock "0:00:02"]
[BlackClock "0:00:02"]

1. e4 c5 2. Ne2 Nc6 3. Nbc3 g6 4. d4 cxd4 5. Nxd4 Bg7 6. Be3 Nf6 7. Bc4 O-O 8. Bb3 Qa5 9. O-O d6 10. Nd5 Nxd5 11. exd5 Ne5 12. h3 a6 13. a4 Bf5 14. Nxf5 gxf5 15. c3 Rac8 16. Qh5 Nc4 17. Qxf5 e6 18. Qh5 Qxd5 19. Qe2 Qc6 20. Rad1 d5 21. Rfe1 Nxe3 22. Qxe3 Qc5 23. Qd3 Qb6 24. Bc2 f5 25. Bb1 Rfe8 26. Re2 Qc6 27. g4 fxg4 28. Qxh7+ Kf8 29. Rd3 Qxa4 30. Bc2 Qf4 31. Rg3 Rc4 32. hxg4 Qc1+ 33. Kg2 Rf4 34. Bg6 Re7 35. Ree3 Qxb2 36. Ref3 e5 37. Qh5 Qd2 38. Rxf4+ exf4 39. Qf5+ Kg8 40. Qc8+ Bf8 41. Rd3 Qe2 42. Qf5 Qe4+ 43. Kg1 Qxf5 44. Bxf5 Re1+ 45. Kg2 Re5 46. Kf3 Bd6 47. Rd1 b5 48. Ra1 b4 49. Rxa6 Bc7 50. cxb4 d4 51. Ra8+ Kg7 52. Ra7 Re7 53. b5 Kf6 54. Bd3 Bd6 55. g5+ Kxg5 56. b6 1-0


[Site "https://www.chess.com"]

[Event "Titled Tuesday Blitz April 18 Early 2023"]
[White "Berthier, Hugo"]
[Black "Terry, Renato"]
[WhiteFideId "655864"]
[BlackFideId "3803457"]
[WhiteElo "2193"]
[BlackElo "2575"]
[Result "0-1"]
[Round "01"]
[TimeControl "180+2"]
[Date "2023.04.18"]
[WhiteClock "0:02:05"]
[BlackClock "0:02:33"]

1. e4 e6 2. d4 d5 3. e5 c5 4. c3 Qb6 5. Nf3 Bd7 6. Be2 cxd4 7. cxd4 Bb5 8. Nc3 Bxe2 9. Qxe2 Nc6 10. Be3 Nge7 11. O-O Nf5 12. Rfd1 Be7 13. a3 Na5 14. b4 Nc4 15. Na4 Qb5 16. Nc3 Qd7 17. b5 Rc8 18. Rdc1 Bxa3 19. Nd2 Bxc1 20. Nxc4 Bxe3 21. Nxe3 Rxc3 22. Nxf5 exf5 0-1


[Site "https://www.chess.com"]

[Event "Titled Tuesday Blitz April 18 Early 2023"]
[White "Lenderman, Aleksandr"]
[Black "Belov, Alexei"]
[WhiteFideId "2021285"]
[BlackFideId "4128206"]
[WhiteElo "2607"]
[BlackElo "2481"]
[Result "1-0"]
[Round "01"]
[TimeControl "180+2"]
[Date "2023.04.18"]
[WhiteClock "0:01:41"]
[BlackClock "0:00:12"]

1. Nf3 d5 2. b3 Nf6 3. Bb2 e6 4. c4 Be7 5. e3 O-O 6. Nc3 c5 7. cxd5 exd5 8. d4 Nc6 9. Be2 cxd4 10. Nxd4 Bc5 11. Nxc6 bxc6 12. O-O Bd6 13. Rc1 Re8 14. Na4 Bd7 15. Nc5 Ne4 16. Nxd7 Qxd7 17. Bd3 a5 18. Qc2 Rac8 19. Rfd1 Qe6 20. Bxe4 dxe4 21. Qc4 Qxc4 22. Rxc4 Red8 23. g3 f5 24. Bc3 Ra8 25. Rxc6 Bb4 26. Rxd8+ Rxd8 27. Bxb4 axb4 28. Rb6 Ra8 29. Rxb4 Rxa2 30. g4 g6 31. gxf5 gxf5 32. Rb5 Rb2 33. Rxf5 Rxb3 34. Rf4 Rb4 35. Kg2 Kg7 36. Kg3 Kg6 37. f3 Kg5 38. h4+ Kg6 39. Rxe4 Rb3 40. Re5 Ra3 41. f4 Kf6 42. Kg4 Ra7 43. e4 Rg7+ 44. Rg5 Ra7 45. e5+ Ke6 46. Rh5 Kd5 47. Rh6 Rf7 48. Rf6 Rg7+ 49. Kf5 Re7 50. Rd6+ Kc5 51. Kf6 1-0


[Site "https://www.chess.com"]

[Event "Titled Tuesday Blitz April 18 Early 2023"]
[White "Chernomordik, Pavel"]
[Black "Narayanan.S.L"]
[WhiteFideId "2804530"]
[BlackFideId "5058422"]
[WhiteElo "2193"]
[BlackElo "2547"]
[Result "0-1"]
[Round "01"]
[TimeControl "180+2"]
[Date "2023.04.18"]
[WhiteClock "0:00:17"]
[BlackClock "0:02:02"]

1. e4 e6 2. Nc3 d5 3. d4 Bb4 4. Ne2 Nc6 5. a3 Bxc3+ 6. Nxc3 dxe4 7. Be3 Nf6 8. Bb5 O-O 9. O-O h6 10. Qd2 Ne7 11. Rfe1 Nf5 12. Rad1 Bd7 13. Bf1 Bc6 14. Bf4 Qe7 15. Be5 Rad8 16. Qf4 Rd7 17. Bxf6 Qxf6 18. Nxe4 Bxe4 19. Rxe4 Rfd8 20. c3 c5 21. g4 Nh4 22. Qxf6 gxf6 23. Bb5 Rd6 24. Rd3 f5 25. gxf5 Nxf5 26. Rg4+ Kf8 27. Rh3 cxd4 28. cxd4 Rxd4 29. Rxd4 Rxd4 30. Bd3 Ne7 31. Kf1 Kg7 32. Ke2 Ng6 33. Ke3 Rxd3+ 0-1


[Site "https://www.chess.com"]

[Event "Titled Tuesday Blitz April 18 Early 2023"]
[White "Paravyan, David"]
[Black "Baches Garcia, Guillermo"]
[WhiteFideId "4194985"]
[BlackFideId "2209764"]
[WhiteElo "2563"]
[BlackElo "2478"]
[Result "1-0"]
[Round "01"]
[TimeControl "180+2"]
[Date "2023.04.18"]
[WhiteClock "0:01:00"]
[BlackClock "0:00:09"]

1. e4 c5 2. Nf3 d6 3. d4 cxd4 4. Nxd4 Nf6 5. Nc3 g6 6. Be3 Bg7 7. Be2 Nc6 8. Qd2 Ng4 9. Bxg4 Bxg4 10. f3 Bd7 11. O-O-O h5 12. Nxc6 bxc6 13. Bd4 e5 14. Be3 Bf8 15. f4 Be7 16. Rhf1 Bg4 17. Rde1 Be6 18. b3 exf4 19. Bxf4 O-O 20. Kb1 d5 21. exd5 cxd5 22. Be5 Bg5 23. Qd4 Rc8 24. Bf6 Bxf6 25. Rxf6 Qb6 26. Qxb6 axb6 27. Nb5 Bf5 28. Nd4 Be4 29. g3 b5 30. Rb6 h4 31. Rxb5 hxg3 32. hxg3 Kg7 33. Kb2 Rh8 34. Rb7 Rh2 35. Rf1 Bxc2 36. Rfxf7+ Kh8 37. a4 Be4+ 38. Ka3 Rd2 39. Rh7+ Kg8 40. Rbg7+ 1-0


[Site "https://www.chess.com"]

[Event "Titled Tuesday Blitz April 18 Early 2023"]
[White "Toncheva, Nadya"]
[Black "Pranesh M"]
[WhiteFideId "2924056"]
[BlackFideId "35028600"]
[WhiteElo "2101"]
[BlackElo "2437"]
[Result "0-1"]
[Round "01"]
[TimeControl "180+2"]
[Date "2023.04.18"]
[WhiteClock "0:00:03"]
[BlackClock "0:00:41"]

1. e4 e5 2. Nf3 Nc6 3. Bb5 a6 4. Ba4 Nf6 5. O-O Bc5 6. d3 d6 7. h3 O-O 8. c3 Ba7 9. Nbd2 Nh5 10. Bxc6 bxc6 11. Nc4 Qf6 12. Bg5 Qg6 13. Qd2 h6 14. Be3 Bxh3 15. Nh4 Qg4 16. Kh2 Qxh4 17. gxh3 f5 18. exf5 Rxf5 19. Qe2 Bxe3 20. Nxe3 Nf4 21. Qg4 Rh5 22. Qxh4 Rxh4 23. Kg3 Rxh3+ 24. Kg4 Kf7 25. Rh1 h5+ 26. Kf5 Rf3 27. Ke4 Rxf2 28. Raf1 Rxf1 29. Rxf1 Ke6 30. d4 Rf8 31. dxe5 d5+ 32. Kd4 Ne2+ 33. Kc5 Rxf1 34. Nxf1 g5 35. Kxc6 g4 36. Kxc7 g3 37. Ne3 h4 38. b4 h3 39. a4 g2 0-1


[Site "https://www.chess.com"]

[Event "Titled Tuesday Blitz April 18 Early 2023"]
[White "Gupta, Abhijeet"]
[Black "Ciorgovean, Iustin"]
[WhiteFideId "5010608"]
[BlackFideId "1242911"]
[WhiteElo "2528"]
[BlackElo "2186"]
[Result "1-0"]
[Round "01"]
[TimeControl "180+2"]
[Date "2023.04.18"]
[WhiteClock "0:00:52"]
[BlackClock "0:00:04"]

1. d4 Nf6 2. Nf3 d5 3. Bf4 c5 4. e3 Nc6 5. Nbd2 Qb6 6. dxc5 Qxb2 7. Rb1 Qa3 8. Bb5 Bd7 9. O-O Qxc5 10. c4 a6 11. Nb3 Qa7 12. cxd5 axb5 13. dxc6 Bxc6 14. Ne5 e6 15. Nd4 Rc8 16. Nxb5 Bxb5 17. Rxb5 Be7 18. Qb3 O-O 19. Rxb7 Qa3 20. Bg5 Rfe8 21. Bxf6 Qxb3 22. axb3 gxf6 23. Nc4 Rb8 24. Rxb8 Rxb8 25. Rb1 Kf8 26. g4 Ke8 27. Kf1 Kd7 28. Ke2 Kc6 29. Nd2 Kb5 30. Rc1 Rb7 31. Rc4 Rd7 32. Nf3 Bc5 33. h3 Ra7 34. Rf4 Ra2+ 35. Kf1 Be7 36. h4 Kc6 37. g5 f5 38. Ne5+ Kd5 39. Nxf7 e5 40. Rxf5 Ke6 41. e4 Ra1+ 42. Kg2 Re1 43. Kf3 Rb1 44. Nxe5 Rxb3+ 45. Kg2 Bd6 46. Nc4 Be7 47. Ne3 Rb4 48. f3 Rb2+ 49. Kh3 Rb3 50. Ng4 Bd6 51. h5 Be7 52. g6 hxg6 53. hxg6 Rb1 54. g7 1-0


[Site "https://www.chess.com"]

[Event "Titled Tuesday Blitz April 18 Early 2023"]
[White "Principe, Gerson"]
[Black "Steinberg, Nitzan"]
[WhiteFideId "3804550"]
[BlackFideId "2801795"]
[WhiteElo "2229"]
[BlackElo "2486"]
[Result "0-1"]
[Round "01"]
[TimeControl "180+2"]
[Date "2023.04.18"]
[WhiteClock "0:00:29"]
[BlackClock "0:01:26"]

1. d4 g6 2. Nf3 Bg7 3. e3 b6 4. Be2 Bb7 5. O-O Nf6 6. b4 O-O 7. Bb2 a5 8. b5 d5 9. c4 Nbd7 10. Nbd2 e6 11. Rc1 c5 12. bxc6 Bxc6 13. Ba3 Re8 14. Qb3 Ne4 15. Nxe4 dxe4 16. Nd2 h5 17. Rfd1 Nf6 18. Rb1 Rb8 19. Qc2 Qd7 20. Rdc1 Rec8 21. Nf1 h4 22. h3 Ne8 23. Rb2 Nd6 24. Rcb1 Ba4 25. Qd2 Nxc4 26. Bxc4 Rxc4 27. Rxb6 Rxb6 28. Rxb6 Rc2 29. Qxa5 Rxa2 30. Rb8+ Kh7 31. Bf8 Qd5 32. Qxd5 exd5 33. Bxg7 Kxg7 34. Rb1 Bc2 35. Re1 Bd3 36. Nh2 f5 37. Rd1 g5 38. Nf1 Kf6 39. Rc1 f4 40. Nh2 Be2 41. Ng4+ Bxg4 42. hxg4 Re2 43. Rc6+ Ke7 44. Rg6 fxe3 45. fxe3 Rxe3 46. Rxg5 Kd6 47. Rg6+ Kc7 48. Rh6 Rd3 49. Rxh4 e3 50. g5 Rd1+ 0-1


[Site "https://www.chess.com"]

[Event "Titled Tuesday Blitz April 18 Early 2023"]
[White "Drozdowski, Kacper"]
[Black "Miszler, Levente"]
[WhiteFideId "1136720"]
[BlackFideId "763276"]
[WhiteElo "2497"]
[BlackElo "2176"]
[Result "1-0"]
[Round "01"]
[TimeControl "180+2"]
[Date "2023.04.18"]
[WhiteClock "0:01:22"]
[BlackClock "0:01:47"]

1. e4 c6 2. d4 d5 3. e5 Bf5 4. Nf3 c5 5. dxc5 Nc6 6. Be3 e6 7. c3 f6 8. Bb5 a6 9. Bxc6+ bxc6 10. O-O Qc7 11. Bd4 Bg4 12. Re1 Rb8 13. b4 a5 14. h3 Bh5 15. exf6 Nxf6 16. Be5 Qc8 17. Bxb8 Qxb8 18. Rxe6+ Kf7 19. Ng5+ Kg6 20. g4 Kxg5 21. gxh5 Qf4 22. Nd2 axb4 23. Nf3+ Kxh5 24. cxb4 Ne4 25. Nd2+ Kh4 26. Nxe4 dxe4 27. Qg4+ Qxg4+ 28. hxg4 Kxg4 29. Re1 1-0


[Site "https://www.chess.com"]

[Event "Titled Tuesday Blitz April 18 Early 2023"]
[White "Rom, Jasper"]
[Black "Alekseenko, Kirill"]
[WhiteFideId "2023733"]
[BlackFideId "4135539"]
[WhiteElo "2233"]
[BlackElo "2683"]
[Result "0-1"]
[Round "01"]
[TimeControl "180+2"]
[Date "2023.04.18"]
[WhiteClock "0:00:09"]
[BlackClock "0:01:35"]

1. e4 c5 2. Nc3 Nc6 3. f4 Nf6 4. Nf3 d5 5. e5 Ng4 6. h3 Nh6 7. g4 g6 8. Bg2 Bg7 9. Ng5 e6 10. d3 O-O 11. Nf3 f6 12. exf6 Bxf6 13. g5 Bxc3+ 14. bxc3 Nf5 15. O-O Qc7 16. Re1 Bd7 17. Ne5 Nxe5 18. Rxe5 Rf7 19. Qe2 Raf8 20. Bd2 Ng7 21. Re1 Bc6 22. h4 d4 23. Bh3 Bd7 24. c4 Nh5 25. f5 exf5 26. Bg2 Bc6 27. Bf3 Bxf3 28. Qxf3 f4 29. Qd5 f3 30. Rf1 Qc8 31. Re4 Qh3 32. Rf2 Ng3 0-1


[Site "https://www.chess.com"]

[Event "Titled Tuesday Blitz April 18 Early 2023"]
[White "Durarbayli, Vasif"]
[Black "Coenen, Michael"]
[WhiteFideId "13402935"]
[BlackFideId "4697367"]
[WhiteElo "2551"]
[BlackElo "2328"]
[Result "1-0"]
[Round "01"]
[TimeControl "180+2"]
[Date "2023.04.18"]
[WhiteClock "0:00:07"]
[BlackClock "0:00:11"]

1. e4 c5 2. Nf3 Nc6 3. d4 cxd4 4. Nxd4 d5 5. Bb5 dxe4 6. Nxc6 Qxd1+ 7. Kxd1 a6 8. Nxe7+ Kxe7 9. Be2 Be6 10. c3 f5 11. Kc2 Nf6 12. h3 Kf7 13. Be3 Rc8 14. Nd2 Nd5 15. Nb3 Nxe3+ 16. fxe3 Bc5 17. Nxc5 Rxc5 18. Rhd1 Ke7 19. Rd4 Rd8 20. Rxd8 Kxd8 21. Rd1+ Ke7 22. Rd4 Rc7 23. a4 Rd7 24. a5 Rxd4 25. cxd4 Kd6 26. h4 g6 27. Kc3 h6 28. g3 g5 29. hxg5 hxg5 30. Bc4 Bd7 31. Bf7 Bc6 32. Kb4 Bb5 33. Bg6 Ke6 34. Kc5 Kf6 35. Bh5 f4 36. gxf4 gxf4 37. exf4 e3 38. d5 e2 39. Bxe2 Bxe2 40. Kb6 Bc4 41. d6 Ke6 42. Kc7 Bb5 43. f5+ Kxf5 44. d7 Bxd7 45. Kxd7 Ke5 46. Kc7 Kd5 47. Kxb7 1-0


[Site "https://www.chess.com"]

[Event "Titled Tuesday Blitz April 18 Early 2023"]
[White "Dudzinski, Pawel"]
[Black "Daneshvar, Bardiya"]
[WhiteFideId "1117890"]
[BlackFideId "12576468"]
[WhiteElo "2099"]
[BlackElo "2468"]
[Result "0-1"]
[Round "01"]
[TimeControl "180+2"]
[Date "2023.04.18"]
[WhiteClock "0:00:05"]
[BlackClock "0:01:38"]

1. e4 d6 2. Nc3 c5 3. g3 Nc6 4. Bg2 g6 5. d3 Bg7 6. Be3 Nf6 7. h3 Rb8 8. f4 Bd7 9. Nf3 b5 10. g4 b4 11. Ne2 a5 12. Ng3 a4 13. g5 Ng8 14. d4 cxd4 15. Nxd4 a3 16. bxa3 Nxd4 17. Bxd4 e5 18. Be3 exf4 19. Bxf4 Bc3+ 20. Bd2 Qxg5 21. Ne2 Qxg2 22. Rg1 Qh2 23. Bxc3 bxc3 24. Qd4 Bb5 25. O-O-O Qe5 26. Nxc3 Qxd4 27. Rxd4 Nf6 28. Rxd6 Ke7 29. e5 Nh5 30. Nd5+ Kf8 31. Rf1 Bc4 32. Rf2 Bxd5 33. Rxd5 Ng7 34. Rd6 Nf5 35. Rf6 Ke7 36. Ra6 Rhd8 37. Ra7+ Rd7 38. Rxd7+ Kxd7 39. c3 Ke6 40. Rb2 Rxb2 41. Kxb2 Kxe5 42. Kc2 Kd5 43. Kd3 Nd6 44. Ke3 g5 45. Kf3 h5 46. h4 g4+ 47. Kf4 Kc4 48. a4 Kxc3 49. a5 Nb5 50. a6 Na7 51. Kg5 g3 52. Kxh5 g2 53. Kh6 g1=Q 54. h5 Qg8 55. a4 Nc6 56. a5 Ne5 57. a7 Ng4# 0-1


[Site "https://www.chess.com"]

[Event "Titled Tuesday Blitz April 18 Early 2023"]
[White "Zhigalko_Sergei"]
[Black "Saya, Ethan"]
[BlackFideId "26095181"]
[WhiteElo "2922"]
[BlackElo "2189"]
[Result "1-0"]
[Round "01"]
[TimeControl "180+2"]
[Date "2023.04.18"]
[WhiteClock "0:01:07"]
[BlackClock "0:00:28"]

1. e4 e6 2. d4 d5 3. e5 c5 4. c3 Nc6 5. Nf3 Bd7 6. Be2 f6 7. O-O fxe5 8. Nxe5 Nxe5 9. dxe5 Qc7 10. c4 Qxe5 11. Bh5+ g6 12. Bf3 O-O-O 13. cxd5 exd5 14. Re1 Qd6 15. Qxd5 Qxd5 16. Bxd5 Nf6 17. Bf3 Bf5 18. Nc3 Bg7 19. Bf4 a6 20. Na4 Nd7 21. Re7 Bf6 22. Nb6+ Nxb6 23. Bxb7# 1-0


[Site "https://www.chess.com"]

[Event "Titled Tuesday Blitz April 18 Early 2023"]
[White "Kielinkei"]
[Black "Chigaev, Maksim"]
[BlackFideId "4108116"]
[WhiteElo "2470"]
[BlackElo "2547"]
[Result "0-1"]
[Round "01"]
[TimeControl "180+2"]
[Date "2023.04.18"]
[WhiteClock "0:00:02"]
[BlackClock "0:01:01"]

1. Nf3 Nf6 2. g3 g6 3. Bg2 Bg7 4. d4 O-O 5. O-O d6 6. c4 Nbd7 7. Nc3 e5 8. e4 exd4 9. Nxd4 Nc5 10. h3 Re8 11. Re1 a5 12. b3 h6 13. Bb2 Nh7 14. f4 Nf6 15. Qd2 Bd7 16. a3 Nh5 17. b4 Bxd4+ 18. Qxd4 Nb3 19. Qd3 Nxa1 20. Rxa1 axb4 21. axb4 Rxa1+ 22. Bxa1 Kh7 23. Ne2 c5 24. g4 Ng7 25. bxc5 dxc5 26. Qc3 Rg8 27. f5 Bc6 28. Nf4 Qd4+ 29. Qxd4 cxd4 30. Bxd4 gxf5 31. Bxg7 Kxg7 32. exf5 Kf6 33. Bxc6 bxc6 34. Kf2 Ke5 35. Ke3 Rd8 36. Nd3+ Kf6 37. Nf2 Kg5 38. Ke4 Re8+ 39. Kd4 Kh4 40. Ne4 c5+ 41. Nxc5 Kxh3 42. Ne4 Rd8+ 43. Ke5 Kxg4 44. c5 h5 45. c6 Rc8 46. Kd6 Kxf5 47. Ng3+ Kg4 48. Ne2 h4 49. Kd7 Rxc6 50. Kxc6 h3 51. Nc1 h2 52. Nd3 Kg3 0-1


[Site "https://www.chess.com"]

[Event "Titled Tuesday Blitz April 18 Early 2023"]
[White "Anton Guijarro, David"]
[Black "Jovic, Stanoje"]
[WhiteFideId "2285525"]
[BlackFideId "905020"]
[WhiteElo "2618"]
[BlackElo "2236"]
[Result "1/2-1/2"]
[Round "01"]
[TimeControl "180+2"]
[Date "2023.04.18"]
[WhiteClock "0:00:06"]
[BlackClock "0:00:10"]

1. d4 Nf6 2. Nf3 e6 3. Bg5 c5 4. d5 Qb6 5. Bxf6 gxf6 6. e4 Qxb2 7. Nbd2 Rg8 8. g3 f5 9. Bd3 fxe4 10. Bxe4 f5 11. Bd3 exd5 12. O-O d6 13. Nh4 Qf6 14. Re1+ Kd8 15. Ng2 Nc6 16. Nf4 c4 17. Nxd5 Qd4 18. Bxc4 Ne5 19. Rxe5 dxe5 20. c3 Qc5 21. Nf6 Kc7 22. Nxg8 b5 23. Bb3 Bb7 24. Qe2 Bg7 25. Rd1 Rd8 26. Nf1 Qc6 27. f3 Rxd1 28. Qxd1 Qxc3 29. Qc2 Qxc2 30. Bxc2 Bd5 31. Ne7 Bxa2 32. Nxf5 Bf8 33. Nd2 a5 34. Kf1 a4 35. Ne3 Be6 36. Bxh7 b4 37. Ke2 a3 38. Bb1 a2 39. Bxa2 Bxa2 40. h4 Kd6 41. Nec4+ Bxc4+ 42. Nxc4+ Kd5 43. Kd3 b3 44. Ne3+ Ke6 45. Kc3 Bc5 46. Nf1 Bf2 47. Kxb3 e4 48. fxe4 Ke5 49. h5 Kxe4 50. h6 Kf5 51. h7 Bd4 52. Kc4 Bh8 53. Kd5 Kg6 54. Ke6 Kxh7 55. Kf7 Kh6 56. Ke6 Kg5 57. Nh2 Bc3 58. Kd5 Be1 59. Nf3+ Kg4 60. Nxe1 Kxg3 1/2-1/2


[Site "https://www.chess.com"]

[Event "Titled Tuesday Blitz April 18 Early 2023"]
[White "Bettalli, Francesco"]
[Black "Grigoriants, Sergey"]
[WhiteFideId "2816453"]
[BlackFideId "4130804"]
[WhiteElo "2216"]
[BlackElo "2502"]
[Result "1-0"]
[Round "01"]
[TimeControl "180+2"]
[Date "2023.04.18"]
[WhiteClock "0:00:55"]
[BlackClock "0:00:09"]

1. d4 Nf6 2. Nc3 d5 3. Bf4 a6 4. e3 e6 5. a3 c5 6. Nf3 Nbd7 7. Bd3 b5 8. O-O Bb7 9. Ne5 Be7 10. Bg3 O-O 11. f4 cxd4 12. exd4 Ne4 13. Qf3 f5 14. Rfe1 Nxe5 15. fxe5 Nxc3 16. bxc3 Rc8 17. Bf1 Qa5 18. Re3 Bc6 19. Be1 Qb6 20. Qf2 Be8 21. Rh3 Bg6 22. Bd3 Rc6 23. Qe2 Qc7 24. a4 bxa4 25. Rxa4 a5 26. Bb5 Rb6 27. c4 Qb8 28. Bxa5 Rb7 29. Rb3 f4 30. cxd5 exd5 31. Bc6 Rxb3 32. Bxd5+ Bf7 33. Bxb3 Bxb3 34. cxb3 Qxb3 35. Qc4+ Qxc4 36. Rxc4 Ra8 37. Bc3 Ra2 38. d5 Kf7 39. Rc7 Ke8 40. d6 Bh4 41. g3 fxg3 42. hxg3 Bxg3 43. Rxg7 Bh2+ 44. Kh1 Bf4 45. d7+ Kd8 46. e6 Kc7 47. Rg8 1-0


[Site "https://www.chess.com"]

[Event "Titled Tuesday Blitz April 18 Early 2023"]
[White "Kovalenko, Igor"]
[Black "Chernov, Mikhail"]
[WhiteFideId "14117908"]
[BlackFideId "24143170"]
[WhiteElo "2574"]
[BlackElo "2113"]
[Result "1-0"]
[Round "01"]
[TimeControl "180+2"]
[Date "2023.04.18"]
[WhiteClock "0:01:08"]
[BlackClock "0:00:06"]

1. c4 c5 2. Nf3 Nc6 3. e3 e5 4. Nc3 g6 5. d4 Bg7 6. d5 Nb8 7. d6 Nh6 8. Nd5 Na6 9. e4 O-O 10. h4 f6 11. Ne7+ Kh8 12. h5 g5 13. Be3 Rf7 14. Qd2 Bf8 15. Nxg5 Rxe7 16. dxe7 Qxe7 17. Nf3 Ng4 18. O-O-O d6 19. Nh4 Nxe3 20. Qxe3 Nb4 21. Kb1 Nc6 22. h6 Nd4 23. Be2 Be6 24. g4 b5 25. Nf5 Qc7 26. g5 bxc4 27. gxf6 Rb8 28. Rd2 Qa5 29. Qg5 c3 30. Qg7+ Bxg7 31. hxg7+ Kg8 32. Nh6# 1-0


[Site "https://www.chess.com"]

[Event "Titled Tuesday Blitz April 18 Early 2023"]
[White "Tan, Ralph"]
[Black "Kevlishvili, Robby"]
[WhiteFideId "30966590"]
[BlackFideId "1040634"]
[WhiteElo "2099"]
[BlackElo "2572"]
[Result "1-0"]
[Round "01"]
[TimeControl "180+2"]
[Date "2023.04.18"]
[WhiteClock "0:00:19"]
[BlackClock "0:00:33"]

1. Nf3 d5 2. g3 c6 3. Bg2 Bg4 4. Ne5 Bf5 5. O-O Nd7 6. d4 e6 7. c4 Ngf6 8. Nc3 Be7 9. Bf4 O-O 10. Qb3 Qb6 11. Nxd7 Nxd7 12. e4 dxe4 13. Nxe4 Bxe4 14. Bxe4 Nf6 15. Bg2 Qxb3 16. axb3 Rfd8 17. Rfd1 a6 18. h3 h6 19. Be5 Nd7 20. Bc7 Rdc8 21. Bf4 Nf6 22. d5 cxd5 23. cxd5 Nxd5 24. Bxd5 exd5 25. Rxd5 Bf6 26. Rd7 b5 27. Rd6 a5 28. Rb6 Bxb2 29. Rb1 Bd4 30. Rxb5 Rc2 31. Rf1 Ra2 32. h4 Re8 33. Rd5 Re4 34. Kg2 Bf6 35. Bc7 Bc3 36. Kf3 Re7 37. Bf4 Rb7 38. Rd3 Rb6 39. Rxc3 1-0


[Site "https://www.chess.com"]

[Event "Titled Tuesday Blitz April 18 Early 2023"]
[White "Demchenko, Anton"]
[Black "Gil Alba, Hector Luis"]
[WhiteFideId "4160258"]
[BlackFideId "3504670"]
[WhiteElo "2545"]
[BlackElo "2331"]
[Result "1/2-1/2"]
[Round "01"]
[TimeControl "180+2"]
[Date "2023.04.18"]
[WhiteClock "0:00:04"]
[BlackClock "0:00:05"]

1. e4 c5 2. Nc3 Nc6 3. Bb5 Nd4 4. a4 g6 5. Nf3 Bg7 6. Nxd4 cxd4 7. Ne2 a6 8. Bd3 d6 9. O-O Nh6 10. c3 dxc3 11. dxc3 Ng4 12. a5 Ne5 13. Be3 O-O 14. Bb6 Qe8 15. Bd4 Bd7 16. Bc2 Bb5 17. b3 Rc8 18. c4 Bc6 19. f3 Qd8 20. Qd2 Qc7 21. Rfd1 Rfe8 22. Nc3 Nd7 23. Bxg7 Kxg7 24. Kh1 Kg8 25. Nd5 Bxd5 26. exd5 b6 27. axb6 Qxb6 28. Qa5 Rb8 29. Qxa6 Qxa6 30. Rxa6 Nc5 31. Ra3 Rb7 32. Kg1 Reb8 33. Rb1 Kg7 34. Kf2 h5 35. Ke3 Kf6 36. Kd4 Rb4 37. Kc3 e6 38. dxe6 fxe6 39. Rd1 R4b6 40. h4 Na6 41. Rd4 Nb4 42. Bd1 e5 43. Rd2 Ke6 44. Ra7 Nc6 45. Rg7 Kf6 46. Rd7 Nd4 47. Rxd4 exd4+ 48. Kxd4 Ke6 49. Rg7 Kf6 50. Ra7 Rxb3 51. Bxb3 Rxb3 52. Ra6 Ke7 53. Ke4 Rb2 54. g3 Re2+ 55. Kf4 Rc2 56. Ra4 Kf6 57. Rb4 Rc3 58. Ke4 Rc2 59. Kf4 Rc3 60. g4 hxg4 61. fxg4 Rh3 62. Rb6 Ke7 63. Rb7+ Kf6 64. Rh7 Rc3 65. g5+ Ke6 66. Rh6 Rxc4+ 67. Ke3 Kf5 68. h5 Kxg5 69. Rxg6+ Kxh5 70. Rxd6 Rg4 71. Rd4 Rg6 72. Rd5+ Rg5 73. Rxg5+ Kxg5 1/2-1/2


[Site "https://www.chess.com"]